 Dungeon Crawl Stone Soup version 0.20.1-1-g8b1a95d (webtiles) character file.

745 equalderp2856 the Chopper (level 7, -5/67 HPs)
             Began as a Minotaur Fighter on July 23, 2017.
             Slain by Prince Ribbit (14 damage)
             ... on level 5 of the Dungeon.
             The game lasted 00:06:48 (4162 turns).

equalderp2856 the Chopper (Minotaur Fighter)        Turns: 4162, Time: 00:06:49

Health: -5/67      AC:  9    Str: 21    XL:     7   Next: 47%
Magic:  8/8        EV:  8    Int:  5    God:
Gold:   238        SH: 10    Dex: 11    Spells: 6/8 levels left

rFire    . . .     SeeInvis .   a - +0 war axe
rCold    . . .     Gourm    .   c - +0 shield
rNeg     . . .     Faith    .   b - +0 scale mail
rPois    .         Spirit   .   (helmet restricted)
rElec    .         Reflect  .   (no cloak)
rCorr    .         Harm     .   (no gloves)
MR       .....                  (no boots)
Stlth    ..........             (no amulet)
Regen    0.3/turn               (no ring)
MPRegen  0.2/turn               (no ring)

@: no status effects
A: retaliatory headbutt, horns 2, iridescent scales 1, deterioration 1, robust 1
a: no special abilities


You were on level 5 of the Dungeon.
You were very hungry.

You visited 1 branch of the dungeon, and saw 5 of its levels.

You collected 238 gold pieces.

Inventory:

Hand Weapons
 a - a +0 war axe (weapon)
 l - a +0 hunting sling
 n - a +0 whip of freezing
 t - a +0 hunting sling
 u - a +0 spear
 C - a +0 short sword
 H - a +1 dagger of freezing
 J - a +0 short sword of speed
 P - a +0 trident
 Q - a +0 long sword
 T - a +1 falchion of holy wrath
Missiles
 m - 194 stones (quivered)
 o - 108 bolts
 x - a throwing net
 z - 47 poisoned needles
 A - 80 arrows
 K - 4 tomahawks
 S - 8 javelins
Armour
 b - a +0 scale mail (worn)
 c - a +0 shield (worn)
 I - a +0 robe
 O - a +0 cloak
Scrolls
 g - 3 scrolls of teleportation {unknown}
 h - 2 scrolls of fear {unknown}
 k - 5 scrolls of remove curse {unknown}
 y - 3 scrolls of recharging {unknown}
 D - a scroll of identify {unknown}
 E - a scroll of blinking {unknown}
 L - 3 scrolls of enchant weapon {unknown}
 M - a scroll of immolation {unknown}
Potions
 d - 3 potions of might
 e - 2 potions of mutation
 i - a potion of resistance {unknown}
 j - 2 potions of agility {unknown}
 p - a potion of magic {unknown}
 r - a potion of brilliance {unknown}
 v - a potion of cancellation {unknown}
 B - 3 potions of curing {unknown}
 F - a potion of ambrosia {unknown}
 G - 2 potions of heal wounds {unknown}
 N - 2 potions of flight {unknown}
Books
 q - a book of Maledictions

   Spells                             Type                      Level
   a - Corona                         Hexes                        1
   b - Ensorcelled Hibernation        Hexes/Ice                    2
   c - Confuse                        Hexes                        3
   d - Tukima's Dance                 Hexes                        3
   e - Dazzling Spray                 Conjuration/Hexes            3
 w - a book of Minor Magic

   Spells                             Type                      Level
   a - Magic Dart                     Conjuration                  1
   b - Blink                          Translocation                2
   c - Call Imp                       Summoning                    2
   d - Slow                           Hexes                        2
   e - Conjure Flame                  Conjuration/Fire             3
   f - Mephitic Cloud                 Conjuration/Poison/Air       3
Comestibles
 f - 3 bread rations
 s - a meat ration
 R - 2 royal jellies


   Skills:
 + Level 5.0 Fighting
 + Level 6.3 Axes
 + Level 5.5 Armour
 + Level 1.8 Dodging
 + Level 4.8 Shields
 * Level 1.4 Spellcasting
 * Level 1.5 Summonings


You had 6 spell levels left.
You knew the following spells:

 Your Spells              Type           Power        Failure   Level  Hunger
a - Call Imp              Summ           #.......     98%         2    ###....


Dungeon Overview and Level Annotations

Branches:
Dungeon (5/15)             Temple (0/1) D:5

Altars:
Gozag
Okawaru
Sif Muna
Yredelemnul

Annotations:
D:5 Prince Ribbit


Innate Abilities, Weirdness & Mutations

You reflexively headbutt those who attack you in melee.
You have a pair of horns on your head.
You are partially covered in iridescent scales. (AC +2)
Your body sometimes deteriorates upon taking damage.
You are robust. (+10% HP)


Message History

The iguana bites you but does no damage.
You barely miss the iguana. Your headbutt misses the iguana.
You hit the plant but do no damage. x2; You block the iguana's attack.
The iguana bites you!
You barely miss the iguana.
You headbutt the iguana, but do no damage.
You hit the plant. You slash the plant! The iguana bites you.
Prince Ribbit comes into view.
Prince Ribbit croaks.
Found a copper wand.
You hit Prince Ribbit but do no damage. Your headbutt misses Prince Ribbit.
You hit the iguana. Prince Ribbit hits you. You block the iguana's attack.
Prince Ribbit hits you!
* * * LOW HITPOINT WARNING * * *
Okay, then.
It was a potion of mutation.
You feel extremely strange.
Iridescent scales grow over part of your body.
You feel yourself wasting away.
You feel robust. The iguana closely misses you. Prince Ribbit hits you!
You die...

.# #.# .# #..#### .#
#...P.# .# .# ###
#.....# .## .##...
#P.>.P# ..# .#....
####...PP# .## .%....
.......P.P#
>.###).......#######..#
.........../...F@l...##
.....##......######.##
.###.# ....# #.# .#
#.####.#.# #.# .#
#........# #.# .#
#..###.### #.#
.###..###.# #)#
..<.......## #.#
...........# #.#


You could see Prince Ribbit and an iguana.

Vanquished Creatures
  Grinder (D:3)
  A phantom (D:5)
  A crimson imp (D:5)
  A bullfrog skeleton (D:4)
  An orc priest (D:3)
  A jelly (D:5)
  Terence (D:2)
  Natasha (thrice) (D:2)
  2 orc wizards (D:3)
  3 worker ants
  3 adders
  3 oozes
  An adder skeleton (D:5)
  2 worms (D:2)
  A dart slug (D:2)
  A leopard gecko (D:3)
  6 orcs (D:3)
  7 bats
  7 goblins
  10 hobgoblins
  6 jackals
  11 kobolds
  4 frilled lizards
  10 rats
  A spectral orc (D:3)
88 creatures vanquished.

Notes
Turn   | Place    | Note
-------+----------+-------------------------------------------
     0 | D:1      | equalderp2856 the Minotaur Fighter began the quest for the Orb.
     0 | D:1      | Reached XP level 1. HP: 19/19 MP: 0/0
   155 | D:1      | Reached XP level 2. HP: 27/27 MP: 1/1
   682 | D:2      | Reached XP level 3. HP: 30/33 MP: 2/2
   888 | D:2      | Noticed Natasha
   893 | D:2      | Killed Natasha
   893 | D:2      | Reached skill level 3 in Axes
   893 | D:2      | Reached XP level 4. HP: 38/40 MP: 3/3
  1062 | D:2      | Noticed Natasha
  1067 | D:2      | Killed Natasha
  1067 | D:2      | Reached skill level 4 in Axes
  1067 | D:2      | Reached skill level 1 in Dodging
  1081 | D:2      | Learned a level 2 spell: Call Imp
  1309 | D:2      | Noticed Terence
  1317 | D:2      | Killed Terence
  1317 | D:2      | Reached XP level 5. HP: 43/46 MP: 4/4
  1344 | D:2      | Found an opulent altar of Gozag.
  1446 | D:2      | Noticed Natasha
  1457 | D:2      | Killed Natasha
  1787 | D:3      | Reached skill level 5 in Armour
  1787 | D:3      | Reached XP level 6. HP: 27/53 MP: 5/5
  2171 | D:3      | Found a basalt altar of Yredelemnul.
  2481 | D:3      | Noticed Grinder
  2489 | D:3      | Killed Grinder
  2489 | D:3      | Reached skill level 5 in Axes
  2489 | D:3      | Reached skill level 1 in Spellcasting
  2489 | D:3      | Reached skill level 1 in Summonings
  3051 | D:4      | Reached XP level 7. HP: 50/60 MP: 7/7
  3566 | D:5      | Entered Level 5 of the Dungeon
  3601 | D:5      | Reached skill level 6 in Axes
  3627 | D:5      | Found an iron altar of Okawaru.
  3800 | D:5      | Reached skill level 5 in Fighting
  4097 | D:5      | Found a deep blue altar of Sif Muna.
  4142 | D:5      | Found a staircase to the Ecumenical Temple.
  4158 | D:5      | Noticed Prince Ribbit
  4162 | D:5      | Gained mutation: You are partially covered in iridescent scales. (AC +2) [potion of mutation]
  4162 | D:5      | Gained mutation: Your body sometimes deteriorates upon taking damage. [potion of mutation]
  4162 | D:5      | Gained mutation: You are robust. (+10% HP) [potion of mutation]
  4162 | D:5      | Slain by Prince Ribbit

Skill      XL: |  1  2  3  4  5  6  7 |
---------------+----------------------+-----
Armour         | 4 5 |  5.5
Fighting       | 4 5 |  5.0
Shields        | 4 |  4.8
Axes           | 3 4 5 6 |  6.3
Dodging        | 1 |  1.8
Spellcasting   | 1 |  1.4
Summonings     | 1 |  1.5

Action                   |  1- 3 |  4- 6 |  7- 9 || total
-------------------------+-------+-------+-------++-------
Melee: War axe           |    71 |    89 |    63 ||   223
       Headbutt          |    10 |    19 |     9 ||    38
  Use: Potion            |       |       |     1 ||     1
  Eat: Chunk             |       |     6 |     3 ||     9
Armor: Scale mail        |    48 |    33 |    22 ||   103
Dodge: Dodged            |    31 |    28 |    19 ||    78
Block: Shield            |    53 |    42 |    27 ||   122
